 Dungeon Crawl Stone Soup version 0.30-b1-2-g02819fbbbe (webtiles) character file.

Game seed: 16770957671634924697

217 RevX99 the Chopper (level 5, -6/45 HPs)
             Began as a Hill Orc Fighter on May 18, 2023.
             Mangled by an ice beast (10 damage)
             ... on level 5 of the Dungeon.
             The game lasted 00:19:05 (3855 turns).

RevX99 the Chopper (Hill Orc Fighter)               Turns: 3855, Time: 00:19:06

Health: -6/45      AC:  4    Str: 21    XL:     5   Next: 94%
Magic:  5/5        EV: 11    Int:  8    God:
Gold:   139        SH:  4    Dex: 10    Spells: 4/4 levels left

rFire   . . .        a - +0 war axe
rCold   . . .        c - +0 buckler
rNeg    . . .        h - +2 robe {Will+}
rPois   .            (no helmet)
rElec   .            (no cloak)
rCorr   .            (no gloves)
SInv    +            (no boots)
Will    +....        (no amulet)
Stlth   +            f - ring of see invisible
HPRegen 0.27/turn    (no ring)
MPRegen 0.09/turn

%: no passive effects
@: about to teleport
A: no striking features
a: no special abilities


You were on level 5 of the Dungeon.
You visited 1 branch of the dungeon, and saw 5 of its levels.

You collected 139 gold pieces.

Inventory:

Hand Weapons
 a - a +0 war axe (weapon)
Armour
 c - a +0 buckler (worn)
 h - a +2 robe of willpower (worn)
Jewellery
 f - a ring of see invisible (left hand)
Wands
 g - a wand of roots (7) (quivered)
Scrolls
 b - a scroll of fog
 m - a scroll of teleportation
 n - 2 scrolls of identify
 o - a scroll of silence {unknown}
Potions
 d - 2 potions of attraction
 e - a potion of brilliance
 i - 5 potions of curing {unknown}
 j - a potion of flight {unknown}
 k - a potion of heal wounds {unknown}
 l - a potion of lignification {unknown}


   Skills:
 - Level 3.6 Fighting
 * Level 7.9 Axes
 - Level 3.2 Armour
 - Level 3.2 Shields


You had 4 spell levels left.
You didn't know any spells.
Your spell library contained the following spells:

 Spells                   Type           Power      Damage    Failure   Level
 Ensorcelled Hibernation  Hex/Ice        0%         N/A       63%         2
 Lesser Beckoning         Tloc           0%         N/A       63%         2
 Passwall                 Tmut/Erth      0%         N/A       63%         2
 Gell's Gravitas          Tloc           0%         N/A       85%         3
 Swiftness                Air            0%         N/A       85%         3
 Teleport Other           Tloc           0%         N/A       85%         3
 Conjure Ball Lightning   Conj/Air       0%         3x3d6     100%        6
 Discord                  Hex            0%         N/A       100%        8
 Disjunction              Tloc           0%         N/A       100%        8


Dungeon Overview and Level Annotations

Branches:
Dungeon (5/15)
 Temple: D:4-7

Altars:
Wu Jian
Xom


Message History

The kobold shouts!
The kobold throws a stone.
The stone misses you.
The kobold throws a stone.
The stone hits you but does no damage.
The kobold throws a stone.
The stone completely misses you.
You barely miss the kobold. The kobold closely misses you.
You hit the kobold but do no damage. The kobold barely misses you.
You closely miss the kobold. The kobold hits you but does no damage.
You hit the kobold.
You kill the kobold!
No target in view!
Things that are here:
a +0 whip; 4 stones; a kobold corpse
Found a stone staircase leading down.
There is a stone staircase leading down here.
You now have 125 gold pieces (gained 12).
You now have 139 gold pieces (gained 14).
There is a stone staircase leading down here.
Done exploring.
Search for what [Enter for "axe", or ? for help]? axe Done exploring.
There is an escape hatch in the floor here.
You slide downwards.
The hatch slams shut behind you.
An ice beast comes into view.
As you read the scroll of fog, it crumbles to dust.
The scroll dissolves into smoke.
The ice beast barely misses you. The ice beast hits you.
The ice beast freezes you. The ice beast attacks as you move away!
The ice beast hits you. The ice beast freezes you!
You barely miss the ice beast. You block the ice beast's attack.
As you read the scroll of teleportation, it crumbles to dust.
You feel strangely unstable. The ice beast hits you. The ice beast freezes you!
* * * LOW HITPOINT WARNING * * *
The ice beast attacks as you move away! The ice beast closely misses you.
The ice beast attacks as you move away!
The ice beast hits you but does no damage.
The ice beast attacks as you move away! You block the ice beast's attack.
The ice beast attacks as you move away! The ice beast hits you.
* * * LOW HITPOINT WARNING * * *
The ice beast freezes you!
You die...

#. ..# #.###..#
#§§....#
#§§§§§.# #§#
#§# ######§#
#.Y..§§#
########@######
.........#
##########


You could see an ice beast.

Vanquished Creatures
  Jessica (D:2)
  Natasha (twice) (D:2)
  An orc wizard (D:4)
  A gnoll (D:1)
  3 adders
  A shadow imp (D:4)
  An ufetubus (D:4)
  A worm (D:4)
  A dart slug (D:3)
  3 orcs
  3 bats
  4 endoplasms
  3 giant cockroaches (D:1)
  7 hobgoblins
  3 quokkas
  10 ball pythons
  2 frilled lizards
  4 goblins
  7 kobolds
  6 rats
64 creatures vanquished.

Vanquished Creatures (others)
  8 plants
8 creatures vanquished.

Grand Total: 72 creatures vanquished

Notes
Turn   | Place    | Note
-------+----------+-------------------------------------------
     0 | D:1      | RevX99 the Hill Orc Fighter began the quest for the Orb.
     0 | D:1      | Reached XP level 1. HP: 19/19 MP: 1/1
    84 | D:1      | Reached skill level 3 in Axes
   138 | D:1      | Reached XP level 2. HP: 26/26 MP: 2/2
   405 | D:1      | Reached skill level 4 in Axes
   530 | D:1      | Reached XP level 3. HP: 31/31 MP: 3/3
  1072 | D:2      | Noticed Jessica
  1079 | D:2      | Killed Jessica
  1080 | D:2      | Reached skill level 5 in Axes
  1080 | D:2      | Reached XP level 4. HP: 29/39 MP: 4/4
  1397 | D:2      | Noticed Natasha
  1404 | D:2      | Killed Natasha
  1405 | D:2      | Reached skill level 6 in Axes
  1580 | D:2      | Identified the +1 robe of the Barber Surgeon {rC++ Regen+}
  1877 | D:2      | Noticed Natasha
  1887 | D:2      | Killed Natasha
  1888 | D:2      | Reached XP level 5. HP: 36/45 MP: 5/5
  2386 | D:3      | Reached skill level 7 in Axes
  2503 | D:3      | Found a shimmering altar of Xom.
  3003 | D:4      | Found an ornate altar of the Wu Jian Council.
  3831 | D:5      | Entered Level 5 of the Dungeon
  3843 | D:5      | Noticed an ice beast
  3855 | D:5      | Mangled by an ice beast

Illustrated notes

Levels and vault maps discovered:
D:1:      minmay_arrival_stone_box, layout_basic
D:2:      cheibrodos_old_hovel, layout_basic, kennysheep_generic_room_12,
          uniq_jessica, uniq_natasha
D:3:      layout_basic, mainiacjoe_overflow_alcove_4, hangedman_decor_push
D:4:      layout_cave_pods, nicolae_wu_jian_wuxing_cycle
D:5:      layout_loops_corners, minmay_temple_entry_proselytizer

Skill      XL: |  1  2  3  4  5 |
---------------+----------------+-----
Axes           | 3 4 5 6 7 |  7.9
Fighting       | |  3.6
Armour         | |  3.2
Shields        | |  3.2

Action                     |  1- 3 |  4- 6 || total
---------------------------+-------+-------++-------
  Melee: War axe           |    78 |   110 ||   188
  Evoke: Wand              |       |     1 ||     1
    Use: Potion            |     1 |       ||     1
         Scroll            |       |    10 ||    10
 Armour: Scale mail        |    42 |     1 ||    43
         Robe              |       |    31 ||    31
  Dodge: Dodged            |    29 |    49 ||    78
  Block: Buckler           |    19 |    20 ||    39
